 Dungeon Crawl Stone Soup version 0.31.0-12-g77e489cdc1 (webtiles) character file.

Game seed: 6568659496809246364

1904 Gadfly the Trooper (level 9, -3/91 (93) HPs)
             Began as an Oni Berserker on Feb 23, 2024.
             Was a Priest of Trog.
             Slain by a steam dragon (7 damage)
             ... on level 7 of the Dungeon.
             The game lasted 00:07:17 (6329 turns).

Gadfly the Trooper (Oni Berserker)                  Turns: 6329, Time: 00:07:17

HP:   -3/91 (93)    AC: 11    Str: 25    XL:     9   Next: 15%
MP:   9/9           EV: 10    Int:  8    God:    Trog [***...]
Gold: 99            SH:  0    Dex: 10    Spells: 8/8 levels left

rFire   . . .        b - +6 scythe (protect)
rCold   . . .        (shield currently unavailable)
rNeg    . . .        m - +1 animal skin
rPois   .            (helmet restricted)
rElec   .            (no cloak)
rCorr   .            (gloves unavailable)
SInv    .            (boots unavailable)
Will    .....        (no amulet)
Stlth   +            (no ring)
HPRegen 0.35/turn    (no ring)
MPRegen 0.11/turn

%: no passive effects
@: under a protective aura, lightly drained
A: large, unfitting armour, horns 1, tough skin 1, double potion healing,
drunken brawling
a: Renounce Religion, Berserk, Trog's Hand


You were on level 7 of the Dungeon.
You worshipped Trog.
Trog was most pleased with you.
You visited 1 branch of the dungeon, and saw 7 of its levels.

You collected 341 gold pieces.
You spent 242 gold pieces at shops.

Inventory:

Hand Weapons
 a - a +0 flail
 b - a +6 scythe of protection (weapon)
 c - a +2 dagger of venom
Armour
 m - a +1 animal skin (worn)
Wands
 i - a wand of quicksilver (3) (quivered)
 r - a wand of digging (2)
Scrolls
 d - a scroll of teleportation
 e - a scroll of enchant armour
 k - a scroll of blinking
Potions
 f - a potion of lignification
 j - a potion of heal wounds
 l - a potion of might
 n - a potion of degeneration {unknown}
 o - a potion of mutation
 p - a potion of enlightenment
 q - a potion of attraction {unknown}


   Skills:
 + Level 7.1 Fighting
 * Level 6.9 Maces & Flails
 * Level 5.5 Armour
 - Level 2.6 Dodging
 * Level 4.9 Evocations


You had 8 spell levels left.
You didn't know any spells.
Your spell library was empty.

Dungeon Overview and Level Annotations

Branches:
Dungeon (7/15)
 Temple: D:4-7

Altars:
Cheibriados
Elyvilon

Shops:
D:4 !   D:5 =?*==


Innate Abilities, Weirdness & Mutations

You are too large for most types of armour.
You have a pair of small horns on your head.
You have tough skin. (AC +1)
You gain doubled healing and magic from potions.
Whenever you drink a healing potion, you attack all around you.


Message History

The steam dragon hisses angrily.
The steam dragon breathes steam at you. The ball of steam hits you!
You reach to attack!
You barely miss the steam dragon. You closely miss the steam dragon.
The steam dragon bites you! The steam dragon claws you.
The steam dragon bites you.
The steam dragon claws you but does no damage.
You barely miss the steam dragon. The steam dragon bites you!
The steam dragon claws you.
You slash the steam dragon!
Your weapon exudes an aura of protection.
The steam dragon is heavily wounded.
The steam dragon breathes steam at you. The ball of steam hits you!
The steam dragon bites you but does no damage.
The steam dragon claws you.
You closely miss the steam dragon. Your headbutt misses the steam dragon.
The steam dragon is heavily wounded.
You are engulfed in a cloud of scalding steam.
The steam dragon bites you. The steam dragon barely misses you.
You slash the steam dragon!
The steam dragon is severely wounded.
The steam dragon bites you.
* * * LOW HITPOINT WARNING * * *
The steam dragon claws you.
* * * LOW HITPOINT WARNING * * *
The steam dragon bites you but does no damage.
The steam dragon barely misses you.
You closely miss the steam dragon.
The steam dragon is severely wounded.
A scorpion comes into view.
The steam dragon breathes steam at you. The ball of steam hits you!!
* * * LOW HITPOINT WARNING * * *
You hit the steam dragon.
The steam dragon is almost dead.
The steam dragon barely misses you.
The steam dragon claws you but does no damage.
The steam dragon bites you!
You die...

..##.. ## .#... .# ..
.... ..< .... . #...
..###.... ..##...
#..#..... ..s.[..
#.........
......$###.........#
......§@...........#
......D§§............
.....................
......................
.......#..............
....#..##....:........
...###.
##...(......... ...
#..#..............
..........<.........


You could see a steam dragon and a scorpion.

Vanquished Creatures
  Sigmund (D:3)
  Eustachio (D:5)
  Duvessa (D:5)
  An ice beast (D:6)
  2 ogres
  A centaur (D:6)
  A bullfrog (D:6)
  3 scorpions
  3 wights (D:7)
  Dowan (D:5)
  A howler monkey (D:5)
  A bombardier beetle (D:5)
  4 hounds
  An orc priest (D:6)
  Jessica (D:3)
  6 iguanas
  2 orc wizards (D:6)
  A killer bee zombie (D:7)
  A howler monkey zombie (D:7)
  10 adders
  2 shadow imps (D:6)
  5 white imps
  2 ufetubi (D:5)
  2 dart slugs (D:1)
  12 orcs
  5 bats
  7 endoplasms
  4 giant cockroaches
  7 hobgoblins
  3 jackals (D:3)
  3 quokkas
  6 ball pythons
  3 frilled lizards
  10 goblins
  3 kobolds
  4 rats
121 creatures vanquished.

Notes
Turn   | Place    | Note
-------+----------+-------------------------------------------
     0 | D:1      | Gadfly the Oni Berserker began the quest for the Orb.
     0 | D:1      | Reached XP level 1. HP: 24/24 MP: 1/1
   106 | D:1      | Reached XP level 2. HP: 32/32 MP: 2/2
   269 | D:1      | Reached skill level 1 in Armour
   409 | D:1      | Reached XP level 3. HP: 25/39 MP: 3/3
   586 | D:1      | Reached ** piety under Trog
   804 | D:2      | Reached skill level 1 in Evocations
   845 | D:2      | Found a faded altar of an unknown god.
  1252 | D:3      | Reached XP level 4. HP: 39/49 MP: 4/4
  1905 | D:3      | Noticed Jessica
  1913 | D:3      | Killed Jessica
  1925 | D:3      | Reached XP level 5. HP: 39/55 MP: 5/5
  2395 | D:4      | Found Sesa's Distillery.
  2465 | D:4      | Bought a potion of ambrosia for 112 gold pieces
  2465 | D:4      | Bought a potion of lignification for 42 gold pieces
  2504 | D:4      | Noticed Sigmund
  2604 | D:3      | Killed Sigmund
  2605 | D:3      | Reached skill level 5 in Fighting
  2605 | D:3      | Reached XP level 6. HP: 41/66 MP: 6/6
  3542 | D:5      | Entered Level 5 of the Dungeon
  3548 | D:5      | Reached XP level 7. HP: 65/72 MP: 7/7
  3572 | D:5      | Found a snail-covered altar of Cheibriados.
  3577 | D:5      | Found a white marble altar of Elyvilon.
  3672 | D:5      | Noticed Eustachio
  3688 | D:5      | Killed Eustachio
  3689 | D:5      | Reached skill level 5 in Maces & Flails
  3763 | D:5      | Found Ywkegi's Jewellery Shoppe.
  3943 | D:5      | Noticed Dowan
  3944 | D:5      | Noticed Duvessa
  3949 | D:5      | Killed Dowan
  3955 | D:5      | Killed Duvessa
  3955 | D:5      | Reached *** piety under Trog
  3956 | D:5      | Reached XP level 8. HP: 41/83 MP: 8/8
  4124 | D:5      | Found Esoodgh's Assorted Antiques.
  4134 | D:5      | Bought a scroll labelled NOITON DOTOU for 18 gold pieces
  4211 | D:4      | Bought a potion of enlightenment for 70 gold pieces
  4267 | D:5      | Found Bifuof's Magic Scroll Boutique.
  4343 | D:5      | Reached skill level 6 in Fighting
  4400 | D:5      | Found Ikosin's Jewellery Shoppe.
  4627 | D:5      | Found Ikumodaq's Jewellery Emporium.
  5464 | D:6      | Reached skill level 5 in Armour
  5647 | D:6      | Reached XP level 9. HP: 92/92 MP: 9/9
  6265 | D:7      | Reached skill level 7 in Fighting
  6328 | D:7      | HP: 4/91 [steam dragon/ball of steam (21)]
  6329 | D:7      | Slain by a steam dragon

Illustrated notes

Levels and vault maps discovered:
D:1:      matt_arrival_grand_opening, layout_basic, minivault_5
D:2:      layout_rooms, shapermc_ecumenical_altar_mp_ritualfount
D:3:      layout_loops_corners, minivault_4, serial_bayou_lagoon_b, uniq_jessica
D:4:      layout_cave_pods, serial_shops, shop, uniq_sigmund
D:5:      layout_gridville, mainiacjoe_overflow_catwalk_spiral, serial_shops,
          nicolae_square_shop, shop, nicolae_take_the_stairs, shop,
          nicolae_lakefront_shop, uniq_eustachio, uniq_duvessa
D:6:      layout_loops_ring, serial_rivers, chequers_serial_rivers_micro_b,
          chequers_serial_rivers_marsh, chequers_serial_rivers_room_a,
          chequers_serial_rivers_micro_c, minmay_misc_feat_four_crosses,
          wad_floor_pattern_2
D:7:      layout_cave_pools, minmay_temple_entry_drinking_statues,
          serial_undead, serial_undead_a, serial_undead_b, serial_undead_a,
          serial_undead_a, chequers_ossuary_entry_cave, glass_columns_c

Skill      XL: |  1  2  3  4  5  6  7  8  9 |
---------------+----------------------------+-----
Armour         | 1 2 3 4 5 |  5.5
Evocations     | 1 2 3 4 |  4.9
Maces & Flails | 4 5 6 |  6.9
Fighting       | 5 6 7 |  7.1
Dodging        | |  2.6

Action                     |  1- 3 |  4- 6 |  7- 9 || total
---------------------------+-------+-------+-------++-------
  Melee: Mace              |    91 |    87 |       ||   178
         Headbutt          |     7 |    18 |    26 ||    51
         Halberd           |       |    24 |   170 ||   194
 Invoke: Berserk           |       |     1 |       ||     1
  Evoke: Wand              |       |       |     1 ||     1
    Use: Scroll            |     9 |     5 |     4 ||    18
         Potion            |       |       |     3 ||     3
   Stab: Sleeping          |       |     1 |     1 ||     2
 Armour: Animal skin       |    57 |    95 |   213 ||   365
  Dodge: Dodged            |    44 |    72 |   121 ||   237
